 Dungeon Crawl Stone Soup version 0.21.1-1-g345015f (webtiles) character file.

748 iamserjio the Ducker (level 7, -6/50 HPs)
             Began as an Octopode Monk on Apr 7, 2018.
             Was a Believer of Dithmenos.
             Killed by divine providence
             ... invoked by an orc priest
              (13 damage)
             ... on level 5 of the Dungeon.
             The game lasted 00:23:36 (6821 turns).

iamserjio the Ducker (Octopode Monk)                Turns: 6821, Time: 00:23:37

Health: -6/50      AC:  1    Str: 10    XL:     7   Next: 77%
Magic:  7/7        EV: 17    Int: 12    God:    Dithmenos [**....]
Gold:   150        SH:  0    Dex: 17    Spells: 6/6 levels left

rFire    . . .     SeeInvis .   w - +1 dagger (venom)
rCold    + . .     Gourm    .   (no shield)
rNeg     . . .     Faith    .   (helmet restricted)
rPois    .         Spirit   .   k - amulet of magic regeneration
rElec    .         Reflect  .   o - ring of protection from cold
rCorr    .         Harm     .   (no ring)
MR       .....                  (no ring)
Stlth    ++++++....             (no ring)
HPRegen  0.16/turn              (no ring)
MPRegen  0.35/turn              (no ring)
                                (no ring)
                                (no ring)

@: wreathed by umbra
A: almost no armour, stealthy swim, amphibious, 8 rings, constrict 8, camouflage
1, gelatinous body 1
a: Shadow Step, Renounce Religion


You were on level 5 of the Dungeon.
You worshipped Dithmenos.
Dithmenos was pleased with you.
You were not hungry.

You visited 2 branches of the dungeon, and saw 6 of its levels.

You collected 150 gold pieces.

Inventory:

Hand Weapons
 c - a +1 flail of protection
 g - a +0 hand axe of flaming
 j - a +2 dagger of speed
 r - a cursed -2 spear
 w - a +1 dagger of venom (weapon)
 z - a +0 falchion
 B - a +2 flail of draining
Magical Staves
 a - an uncursed staff of wizardry {unknown}
Jewellery
 k - an amulet of magic regeneration (around mantle)
 o - a ring of protection from cold (left tentacle)
 A - an uncursed ring of ice
Wands
 u - a wand of polymorph (16)
 v - a wand of digging (15)
 E - a wand of paralysis (13)
Scrolls
 e - 3 scrolls of enchant weapon {unknown}
 f - a scroll of fear {unknown}
 i - a scroll of random uselessness {unknown}
 m - 2 scrolls of remove curse {unknown}
 s - a scroll of blinking {unknown}
Potions
 d - a potion of curing
 h - 2 potions of might
 l - 4 potions of lignification
 p - 4 potions of heal wounds
 q - a potion of ambrosia {unknown}
 D - a potion of berserk rage {unknown}
 F - a potion of agility
Comestibles
 b - 3 rations


   Skills:
 + Level 5.1 Fighting
 + Level 3.2 Short Blades
 * Level 6.5 Dodging
 + Level 6.4 Stealth


You had 6 spell levels left.
You didn't know any spells.

Dungeon Overview and Level Annotations

Branches:
Dungeon (5/15)             Temple (1/1) D:4

Altars:
Dithmenos
Elyvilon
Fedhas
Ru
Trog
Uskayaw

Annotations:
D:3 bmj180's ghost, amateur MiFi


Innate Abilities, Weirdness & Mutations

You cannot wear most types of armour.
You are very stealthy in the water. (Stealth+)
You are amphibious.
You can wear up to eight rings at the same time.
You can use your tentacles to constrict eight enemies at once.
Your skin changes colour to match your surroundings (Stealth+).
Your rubbery body absorbs attacks. (AC +1, EV +1)


Message History

You hit the orc wizard.
You kill the orc wizard!
Dithmenos accepts your kill.
You start resting.
You hit the orc priest but do no damage.
The orc priest is poisoned.
You grab the orc priest.
You constrict the orc priest, but do no damage.
The orc priest calls down the wrath of Beogh upon you.
Beogh smites you!
* * * LOW HITPOINT WARNING * * *
You hit the orc priest.
The orc priest is moderately wounded.
You constrict the orc priest. The orc priest barely misses you.
You hit the orc priest but do no damage.
The orc priest looks as sick as possible!
The orc priest is heavily wounded.
You constrict the orc priest, but do no damage.
The orc priest invokes the aid of Beogh against you.
Beogh smites you!
You die...

#######....## #...........#
#........รท..# #...........#
#...........# #...........#
#...........#
#######.........o.##### ##
......)#########@..#..###.#####
.......# #...............#
....o..+ #.........?.....#
.......# #........##.....#
.......# ###'#############
.......+ ...##...#..<..#
.......# ........#.....#
.......# #####...'.....#
.......... #####.........


You could see an orc priest.

Vanquished Creatures
  An ogre (D:4)
  A centaur (D:3)
  A hound (D:4)
  2 orc priests (D:4)
  An orc wizard (D:5)
  Crazy Yiuf (D:2)
  Jessica (D:3)
  Natasha (thrice) (D:3)
  A worker ant (D:4)
  A hound skeleton (D:4)
  Robin (D:3)
  8 gnolls
  11 adders
  An ooze (D:3)
  2 adder skeletons (D:4)
  An adder zombie (D:5)
  2 worms
  2 dart slugs
  2 leopard geckos
  8 orcs
  5 giant cockroaches
  17 goblins
  11 hobgoblins
  10 kobolds
  A ball python (D:2)
  5 bats
  2 frilled lizards (D:1)
  8 rats
110 creatures vanquished.

Notes
Turn   | Place    | Note
-------+----------+-------------------------------------------
     0 | D:1      | iamserjio the Octopode Monk began the quest for the Orb.
     0 | D:1      | Reached XP level 1. HP: 16/16 MP: 1/1
   256 | D:1      | Reached XP level 2. HP: 21/21 MP: 2/2
   478 | D:1      | Reached XP level 3. HP: 19/26 MP: 3/3
  1380 | D:2      | Reached XP level 4. HP: 28/31 MP: 4/4
  2679 | D:2      | Found a runed door.
  2683 | D:2      | Noticed Crazy Yiuf
  2693 | D:2      | Killed Crazy Yiuf
  2693 | D:2      | Reached XP level 5. HP: 14/37 MP: 5/5
  2962 | D:3      | Noticed bmj180's ghost (amateur MiFi)
  3007 | D:3      | Noticed Jessica
  3014 | D:3      | Killed Jessica
  3203 | D:3      | Noticed Robin
  3718 | D:3      | Noticed Natasha
  3721 | D:3      | Killed Natasha
  3750 | D:3      | Noticed Natasha
  3763 | D:3      | Killed Natasha
  3763 | D:3      | Reached skill level 5 in Dodging
  3763 | D:3      | Reached XP level 6. HP: 14/43 MP: 6/6
  4074 | D:3      | Reached skill level 5 in Stealth
  4239 | D:3      | Noticed Natasha
  4292 | D:3      | Killed Robin
  4791 | D:3      | Killed Natasha
  5022 | D:4      | Reached XP level 7. HP: 49/49 MP: 7/7
  5049 | D:5      | Entered Level 5 of the Dungeon
  6236 | D:4      | Found a staircase to the Ecumenical Temple.
  6246 | Temple   | Entered the Ecumenical Temple
  6251 | Temple   | Became a worshipper of Dithmenos the Shadowed
  6251 | Temple   | Reached * piety under Dithmenos
  6251 | Temple   | Reached ** piety under Dithmenos
  6287 | D:4      | Reached skill level 5 in Fighting
  6821 | D:5      | Killed from afar by an orc priest

Skill      XL: |  1  2  3  4  5  6  7 |
---------------+----------------------+-----
Stealth        | 3 4 5 6 |  6.4
Dodging        | 4 5 6 |  6.5
Fighting       | 4 5 |  5.1
Short Blades   | |  3.2

Action                   |  1- 3 |  4- 6 |  7- 9 || total
-------------------------+-------+-------+-------++-------
Melee: Short sword       |    43 |       |       ||    43
       Constrict         |    19 |    30 |    19 ||    68
       Tentacles         |    12 |    28 |    29 ||    69
       Dagger            |    22 |   147 |    93 ||   262
  Use: Potion            |       |     1 |       ||     1
       Scroll            |       |       |     5 ||     5
 Stab: Sleeping          |     6 |    19 |     8 ||    33
       Distracted        |       |     1 |     1 ||     2
  Eat: Chunk             |     1 |    10 |     4 ||    15
       Ration            |       |       |     1 ||     1
Armor: Skin              |     2 |     5 |       ||     7
Dodge: Dodged            |    37 |    88 |    29 ||   154
